 Dungeon Crawl Stone Soup version 0.29-a0-961-gfab03dca74 (webtiles) character file.

Game seed: 1244850752235575581

32 Asher535 the Caller (level 3, -4/26 HPs)
             Began as a Merfolk Summoner on July 30, 2022.
             Slain by Terence
             ... wielding a +0 hand axe
              (7 damage)
             ... on level 2 of the Dungeon.
             The game lasted 00:07:53 (1797 turns).

Asher535 the Caller (Merfolk Summoner)              Turns: 1797, Time: 00:07:54

Health: -4/26      AC:  3    Str:  8    XL:     3   Next: 27%
Magic:  5/6        EV: 13    Int: 16    God:
Gold:   30         SH:  0    Dex: 14    Spells: 3/6 levels left

rFire   x . .      SeeInvis .   c - +0 whip
rCold   + . .      Faith    .   (no shield)
rNeg    . . .      Spirit   .   a - +0 robe
rPois   .          Reflect  .   (no helmet)
rElec   .          Harm     .   (no cloak)
rCorr   .          Rampage  .   (no gloves)
Will    .....                   k - +0 pair of boots
Stlth   ++........              (no amulet)
HPRegen 0.08/turn               h - ring of ice
MPRegen 0.10/turn               (no ring)

@: no status effects
A: (nimble swimmer 2), mertail
a: no special abilities


You were on level 2 of the Dungeon.
You visited 1 branch of the dungeon, and saw 2 of its levels.

You collected 30 gold pieces.

Inventory:

Hand Weapons
 c - a +0 whip (weapon)
Armour
 a - a +0 robe (worn)
 j - a +0 chain mail
 k - a +0 pair of boots (worn)
Jewellery
 h - a ring of ice (left hand)
Scrolls
 f - a scroll of identify {unknown}
 i - 2 scrolls of teleportation
Potions
 b - a potion of magic
 d - a potion of lignification {unknown}
 e - a potion of ambrosia {unknown}
 g - 3 potions of curing {unknown}
 l - a potion of heal wounds {unknown}


   Skills:
 + Level 1.1 Fighting
 + Level 3.3 Dodging
 - Level 2.2 Stealth
 + Level 2.3 Spellcasting
 + Level 4.3 Summonings


You had 3 spell levels left.
You knew the following spells:

 Your Spells              Type           Power      Damage    Failure   Level
a - Summon Small Mammal   Summ           60%        N/A       3%          1
b - Call Imp              Summ           15%        N/A       5%          2

Your spell library contained the following spells:

 Spells                   Type           Power      Damage    Failure   Level
 Call Canine Familiar     Summ           15%        N/A       11%         3
 Foxfire                  Conj/Fire      4%         2x1d4     21%         1
 Magic Dart               Conj           4%         1d3       21%         1
 Summon Guardian Golem    Hex/Summ       8%         N/A       26%         3
 Conjure Flame            Conj/Fire      1%         6-21      52%         3
 Inner Flame              Hex/Fire       1%         N/A       52%         3
 Mephitic Cloud           Conj/Pois/Air  1%         N/A       52%         3
 Summon Lightning Spire   Summ/Air       8%         N/A       63%         4
 Flame Wave               Conj/Fire      1%         2d4       89%         4


Dungeon Overview and Level Annotations

Branches:
Dungeon (2/15)

Altars:

Annotations:
D:2 Terence


Innate Abilities, Weirdness & Mutations

((You are very nimble when in or above water. (Stealth+, EV+, Speed+++)))
Your lower body shifts to a powerful aquatic tail in water.


Message History

Terence looks scornfully at you. Terence hits you with a +0 hand axe.
* * * LOW HITPOINT WARNING * * *
Terence misses your bat.
Terence hits your quokka with a +0 hand axe.
Terence attacks as you move away! Terence closely misses you.
Terence barely misses your quokka.
Terence hits your bat with a +0 hand axe.
Your bat dies!
Your bat's corpse disappears in a puff of smoke!
Terence hits your crimson imp with a +0 hand axe.
Your quokka bites Terence but does no damage.
Your crimson imp blinks!
Terence attacks as you move away! Terence hits you with a +0 hand axe.
* * * LOW HITPOINT WARNING * * *
Terence says, "You're history."
Terence attacks as you move away! Terence closely misses you.
Terence hits your quokka with a +0 hand axe.
Your quokka bites Terence.
Terence attacks as you move away! Terence barely misses you.
Terence says, "Did you write a will?
You should..."
Terence attacks as you move away! Terence closely misses you.
Terence hits your quokka but does no damage.
Your quokka bites Terence but does no damage.
There is a stone staircase leading down here.
Terence hits you with a +0 hand axe.
* * * LOW HITPOINT WARNING * * *
Terence closely misses your quokka.
Your quokka closely misses Terence.
You hit Terence but do no damage.
Terence is moderately wounded.
Your quokka barely misses Terence.
Terence misses you.
Terence hits your quokka with a +0 hand axe.
Your quokka dies!
Your quokka's corpse disappears in a puff of smoke!
Terence hits your crimson imp with a +0 hand axe.
Your crimson imp blinks!
You closely miss Terence.
Terence is moderately wounded.
Terence hits you with a +0 hand axe!
You die...

.# #### ###.# .. ...
....########## $#####.#
#............#
.....#.###.#.###......#
K........>.#.........<#
.....#.##.............#
)#####.##..#..##......#
.................######
>########.......@...#
.# ##.###ยง@.##.# ..
#.###...## # #.
#........# .#
######.#.# .. #..... .#
###..... #####


You could see Terence.

Vanquished Creatures
  A bat (D:1)
  A giant cockroach (D:1)
  A goblin (D:1)
  2 quokkas
  A rat (D:1)
6 creatures vanquished.

Vanquished Creatures (collateral kills)
  A bat (D:1)
  2 endoplasms (D:1)
  A goblin (D:1)
  6 hobgoblins
  6 ball pythons (D:1)
  3 frilled lizards (D:1)
  3 kobolds
  A rat (D:2)
23 creatures vanquished.

Grand Total: 29 creatures vanquished

Notes
Turn   | Place    | Note
-------+----------+-------------------------------------------
     0 | D:1      | Asher535 the Merfolk Summoner began the quest for the Orb.
     0 | D:1      | Reached XP level 1. HP: 13/13 MP: 3/3
   447 | D:1      | Reached XP level 2. HP: 20/20 MP: 3/5
   450 | D:1      | Learned a level 2 spell: Call Imp
   950 | D:1      | Found a faded altar of an unknown god.
  1006 | D:1      | Reached skill level 1 in Fighting
  1191 | D:1      | Reached XP level 3. HP: 26/26 MP: 3/6
  1762 | D:2      | Noticed Terence
  1797 | D:2      | Slain by Terence

Illustrated notes

Levels and vault maps discovered:
D:1:      nzn_arrival_crosshair, layout_basic,
          nicolae_ecumenical_snake_handling, serial_curves, eino_curves_02,
          eino_curves_01, minmay_indecisive_spiral
D:2:      wander_river, layout_loops_cross, serial_shops,
          nicolae_shop_behind_doors, uniq_sigmund, uniq_terence

Skill      XL: |  1  2 |
---------------+-------+-----
Dodging        | 3 |  3.3
Fighting       | 1 |  1.1
Stealth        | |  2.2
Spellcasting   | |  2.3
Summonings     | |  4.3

Action                   || total
-------------------------++-------
Melee: Whip              ||    26
       Unarmed           ||     4
 Cast: Summon Small Mamm ||    35
       Call Imp          ||     6
  Use: Scroll            ||     1
Armor: Robe              ||    18
Dodge: Dodged            ||    65

Table legend: (Time is in decaauts)
 A = Elapsed time spent in this place.
 B = Non-inter-level travel time spent in this place.
 C = Inter-level travel time spent in this place.
 D = Time resting spent in this place.
 E = Time spent auto-exploring this place.
 F = Levels seen in this place.
 G = Mean time per level.
                   A        B        C        D        E       F      G
               +--------+--------+--------+--------+--------+-----+--------+
         Total |   1798 |   1798 |      0 |    551 |    552 |   2 |  899.0 |
       Dungeon |   1798 |   1798 |      0 |    551 |    552 |   2 |  899.0 |
               +--------+--------+--------+--------+--------+-----+--------+

Top non-repeatable levels by time:
     D:1: 1685 daAuts
     D:2: 112 daAuts
